 Dungeon Crawl Stone Soup version 0.29.1-15-g9cfb28693d (webtiles) character file.

Game seed: 3804374245864048107

66 zeram the Trooper (level 4, -1/48 HPs)
             Began as an Ogre Fighter on Mar 18, 2023.
             Slain by Natasha (5 damage)
             ... on level 3 of the Dungeon.
             The game lasted 00:03:10 (2360 turns).

zeram the Trooper (Ogre Fighter)                    Turns: 2360, Time: 00:03:10

Health: -1/48      AC:  4    Str: 20    XL:     4   Next: 15%
Magic:  6/6        EV:  8    Int: 11    God:
Gold:   187        SH:  7    Dex:  8    Spells: 6/6 levels left

rFire   . . .      SeeInvis .   a - +0 flail
rCold   . . .      Faith    .   c - +0 kite shield
rNeg    . . .      Spirit   .   b - +0 robe
rPois   .          Reflect  .   (helmet restricted)
rElec   .          Harm     .   e - +0 cloak
rCorr   .          Rampage  .   (gloves unavailable)
Will    .....                   (boots unavailable)
Stlth   +.........              (no amulet)
HPRegen 0.16/turn               (no ring)
MPRegen 0.10/turn               (no ring)

@: no status effects
A: large, unfitting armour, tough skin 1
a: no special abilities


You were on level 3 of the Dungeon.
You visited 1 branch of the dungeon, and saw 3 of its levels.

You collected 187 gold pieces.

Inventory:

Hand Weapons
 a - a +0 flail (weapon)
Armour
 b - a +0 robe (worn)
 c - a +0 kite shield (worn)
 e - a +0 cloak (worn)
Jewellery
 l - a ring of see invisible
Scrolls
 j - a scroll of amnesia {unknown}
 m - a scroll of identify
Potions
 d - a potion of might
 f - a potion of invisibility
 g - 2 potions of berserk rage {unknown}
 h - a potion of resistance {unknown}
 i - 3 potions of curing {unknown}
 k - a potion of flight {unknown}
 n - a potion of haste {unknown}


   Skills:
 - Level 4.0 Fighting
 + Level 2.7 Maces & Flails
 + Level 3.4 Dodging
 - Level 3.0 Shields
 * Level 1.9 Spellcasting


You had 6 spell levels left.
You didn't know any spells.
Your spell library contained the following spells:

 Spells                   Type           Power      Damage    Failure   Level
 Apportation              Tloc           2%         N/A       56%         1
 Necrotise                Necr           4%         1d4       56%         1
 Summon Small Mammal      Summ           4%         N/A       56%         1


Dungeon Overview and Level Annotations

Branches:
Dungeon (3/15)

Altars:
Nemelex Xobeh

Annotations:
D:3 Natasha


Innate Abilities, Weirdness & Mutations

You are too large for most types of armour.
You have tough skin. (AC +1)


Message History

Natasha is nearby!
Natasha casts a spell.
Natasha stares at you and mumbles some strange words.
The magic dart hits you.
You closely miss Natasha.
Natasha stares at you and mumbles some strange words.
The magic dart hits you. The iron imp closely misses you.
Natasha mumbles some strange words.
You hit Natasha.
Natasha is moderately wounded.
The iron imp hits you! Natasha claws you. The iron imp hits you.
You are too injured to fight recklessly!
You are too injured to fight recklessly!
You barely miss Natasha.
Natasha is moderately wounded.
You block Natasha's attack. The white imp hits you. The white imp freezes you.
* * * LOW HITPOINT WARNING * * *
The iron imp hits you.
* * * LOW HITPOINT WARNING * * *
Unknown command.
You closely miss Natasha.
Natasha is moderately wounded.
Natasha mumbles some strange words.
The white imp shouts, "Embrace submission, thou mewling earth-vexing snaffler!"
The white imp barely misses you.
Natasha growls.
Natasha claws you but does no damage.
The white imp hits you but does no damage.
The iron imp hits you.
* * * LOW HITPOINT WARNING * * *
You closely miss Natasha.
Natasha is moderately wounded.
Natasha mumbles some strange words.
Natasha glows brightly for a moment.
Natasha barely misses you. You block the white imp's attack.
The iron imp barely misses you.
You hit Natasha.
Natasha is moderately wounded.
Natasha claws you.
You die...

#.............#
#............#
+............####
#................
+................
#................
##...####......!. .. #...#
#.5...... .# #.#.## #@5......
#.# .# #.#..# #h5...... #..
.# #.#..# #....$... #.# .#
#.#..# #........ #.# .#
#.#..###........ #.# .#
#.#...########## #.#
'########'#'#........# #.#
....#........#######.#### #.#
....#....[...######.....###.#


You could see an iron imp (summoned), Natasha and 2 white imps.

Vanquished Creatures
  2 adders
  2 worms (D:2)
  A dart slug (D:1)
  7 ball pythons
  2 endoplasms (D:1)
  5 goblins
  4 hobgoblins (D:1)
  2 quokkas (D:1)
  4 bats
  A frilled lizard (D:1)
  2 kobolds
  6 rats
38 creatures vanquished.

Notes
Turn   | Place    | Note
-------+----------+-------------------------------------------
     0 | D:1      | zeram the Ogre Fighter began the quest for the Orb.
     0 | D:1      | Reached XP level 1. HP: 24/24 MP: 1/1
   136 | D:1      | Noticed a shining eye
   154 | D:1      | Reached XP level 2. HP: 28/32 MP: 1/3
   314 | D:1      | Reached skill level 1 in Spellcasting
   473 | D:1      | Noticed a golden eye
   475 | D:1      | Found a faded altar of an unknown god.
   477 | D:1      | Noticed a golden eye
   477 | D:1      | Noticed an eye of devastation
   609 | D:1      | Reached XP level 3. HP: 36/39 MP: 4/4
  1464 | D:2      | Reached XP level 4. HP: 30/48 MP: 6/6
  2262 | D:3      | Found a sparkling altar of Nemelex Xobeh.
  2351 | D:3      | Noticed Natasha
  2360 | D:3      | Slain by Natasha

Illustrated notes

Levels and vault maps discovered:
D:1:      noname_arrival_rooms_in_the_neighbourhood, layout_loops_ring,
          hellmonk_ecumenical_altar_watching_god, dreamdust_wishing_well,
          st_stairs_7
D:2:      layout_rooms, serial_co_window_serial, co_window_of_opportunity_a,
          co_window_corner_a, co_window_paths_b, co_window_corner_a,
          co_window_corner_a, co_window_broadway_a, co_window_broadway_b,
          co_window_2corner, co_window_of_opportunity_b, glass_columns_c,
          minmay_circle_x
D:3:      layout_basic, mainiacjoe_overflow_concentric_impassable, serial_shops,
          nicolae_shop_bloodbath_and_beyond, nicolae_shop_behind_doors,
          roderic_lattice_a, uniq_natasha

Skill      XL: |  1  2 |
---------------+-------+-----
Dodging        | 3 |  3.4
Spellcasting   | 1 |  1.9
Maces & Flails | 2 |  2.7
Fighting       | |  4.0
Shields        | |  3.0

Action                   |  1- 3 |  4- 6 || total
-------------------------+-------+-------++-------
Melee: Flail             |   110 |    19 ||   129
  Use: Scroll            |     4 |       ||     4
 Stab: Sleeping          |       |     1 ||     1
Armor: Robe              |    48 |     7 ||    55
Dodge: Dodged            |    62 |    11 ||    73
Block: Kite shield       |    56 |     5 ||    61
